 Dungeon Crawl Stone Soup version 0.31-a0-188-g5e087ee2ca (webtiles) character file.

Game seed: 14965335670086903753

396 qw the Skirmisher (level 6, -1/35 HPs)
             Began as a Deep Elf Hunter on June 23, 2023.
             Slain by an iguana (6 damage)
             ... on level 4 of the Dungeon.
             The game lasted 00:01:03 (3166 turns).

qw the Skirmisher (Deep Elf Hunter)                 Turns: 3166, Time: 00:01:04

Health: -1/35      AC:  8    Str: 10    XL:     6   Next: 52%
Magic:  8/8        EV: 11    Int: 14    God:
Gold:   125        SH:  0    Dex: 18    Spells: 5/5 levels left

rFire   + + +        Y - +0 shortbow
rCold   x . .        (shield currently unavailable)
rNeg    . . .        c - +0 ring mail of Asoveine {rF+}
rPois   .            (no helmet)
rElec   .            h - +0 cloak
rCorr   .            i - +0 pair of gloves
SInv    .            n - +0 pair of boots
Will    .....        (no amulet)
Stlth   +            o - ring of protection from fire
HPRegen 0.25/turn    (no ring)
MPRegen 0.11/turn

%: clarity
@: no status effects
A: hooves 1, clarity, fire resistance 1, cold vulnerability 1
a: no special abilities


You were on level 4 of the Dungeon.
You visited 1 branch of the dungeon, and saw 4 of its levels.

You collected 125 gold pieces.


Innate Abilities, Weirdness & Mutations

You have large cloven feet.
You possess an exceptional clarity of mind.
Your flesh is heat resistant. (rF+)
You are vulnerable to cold. (rC-)


   Skills:
 - Level 2.2 Fighting
 + Level 9.4 Ranged Weapons
 - Level 1.0 Armour
 - Level 3.4 Dodging
 - Level 1.2 Stealth


You had 5 spell levels left.
You didn't know any spells.
Your spell library was empty.

Inventory:

Hand Weapons
 Y - a +0 shortbow (weapon)
Armour
 c - the +0 ring mail of Asoveine (worn) {rF+}
   (You found it on level 3 of the Dungeon)

   rF:        It protects you from fire.
 h - a +0 cloak (worn)
 i - a +0 pair of gloves (worn)
 n - a +0 pair of boots (worn)
Jewellery
 o - a ring of protection from fire (left hand)
Scrolls
 d - a scroll of noise {unknown}
 e - a scroll of identify
Potions
 a - a potion of cancellation
 b - a potion of enlightenment {unknown}
 f - a potion of heal wounds {unknown}
 g - a potion of magic {unknown}
 j - a potion of curing {unknown}
 l - a potion of invisibility {unknown}
 m - a potion of resistance {unknown}

Dungeon Overview and Level Annotations

Branches:
Dungeon (4/15)
 Temple: D:4-7

Altars:
Vehumet

Annotations:
D:2 1 runed translucent door, Crazy Yiuf


Message History

You shoot an arrow.
The arrow hits the iguana but does no damage.
The iguana barely misses you.
You shoot an arrow.
The arrow hits the iguana but does no damage.
The iguana bites you but does no damage.
You shoot an arrow. The arrow hits the iguana.
The iguana is lightly wounded.
The iguana bites you but does no damage.
You shoot an arrow. The arrow closely misses the iguana.
The iguana bites you!
You shoot an arrow.
The arrow hits the iguana but does no damage.
The iguana is lightly wounded.
The iguana hisses menacingly.
The iguana bites you but does no damage.
You shoot an arrow. The arrow hits the iguana.
The iguana is lightly wounded.
The iguana bites you!
You shoot an arrow.
The arrow hits the iguana but does no damage.
The iguana is lightly wounded.
The iguana closely misses you.
You shoot an arrow.
The arrow hits the iguana but does no damage.
The iguana is lightly wounded.
The iguana bites you!
You shoot an arrow. The arrow hits the iguana.
The iguana is lightly wounded.
The iguana barely misses you.
You shoot an arrow. The arrow barely misses the iguana.
The iguana closely misses you.
You shoot an arrow.
The arrow hits the iguana but does no damage.
The iguana is lightly wounded.
The iguana bites you.
You shoot an arrow. The arrow hits the iguana.
The iguana is moderately wounded.
The iguana bites you.
You die...

### #.. ######
####..
#....######.....
#.##.#...##...#.
###.##.#.#.##...#.
#....#...#.##...##
#@########.##...#
#l#.........#...#
..#.#####)#.#...##
........))......>##
###....##.#...#...##
#.## #.....#.#.##
#.# ###.#....... #.#
.........#.
###....#..#.


You could see an iguana.

Vanquished Creatures
  Sigmund (D:2)
  An orc priest (D:3)
  Jessica (D:2)
  2 orc wizards
  5 adders
  2 worms
  A dart slug (D:2)
  9 orcs
  3 endoplasms (D:1)
  3 giant cockroaches
  4 goblins
  5 hobgoblins
  2 jackals (D:1)
  A quokka (D:4)
  11 ball pythons
  4 bats
  3 frilled lizards
  5 kobolds
  2 rats
65 creatures vanquished.

Notes
Turn   | Place    | Note
-------+----------+-------------------------------------------
     0 | D:1      | qw the Deep Elf Hunter began the quest for the Orb.
     0 | D:1      | Reached XP level 1. HP: 12/12 MP: 3/3
     0 | D:1      | 0 ||| qw: Version: 0.3-a-9-g12657ce
     0 | D:1      | 0 ||| qw: Game counter: 4334
     0 | D:1      | 0 ||| qw: Always use a shield: true
     0 | D:1      | 0 ||| qw: God list: Okawaru
     0 | D:1      | 0 ||| qw: Allow faded altars: false
     0 | D:1      | 0 ||| qw: Do Orc after D:15 true
     0 | D:1      | 0 ||| qw: Do second Lair branch before Depths: true
     0 | D:1      | 0 ||| qw: Lair rune preference: random
     0 | D:1      | 0 ||| qw: Plans: Normal
     0 | D:1      | 0 ||| PLANNING D:1-11
   138 | D:1      | 138 ||| Stepping ~*~*~tactically~*~*~ (water).
   140 | D:1      | Reached skill level 6 in Ranged Weapons
   140 | D:1      | Reached XP level 2. HP: 16/16 MP: 4/4
   393 | D:1      | Found a faded altar of an unknown god.
  1076 | D:1      | 1076 ||| UPGRADING to +0 pair of gloves.
  1081 | D:1      | 1081 ||| READING scroll labelled IFYGUM ICKOAF.
  1082 | D:1      | 1082 ||| READING scroll labelled ISERAL HUNOISTREO.
  1083 | D:1      | 1083 ||| READING scroll labelled WAUMIO YNIGI.
  1084 | D:1      | 1084 ||| READING scroll labelled IZXAYTTOROA.
  1085 | D:1      | 1085 ||| READING scroll labelled HAJYOXT JOBRIOW.
  1086 | D:1      | 1086 ||| DROPPING scroll of butterflies.
  1194 | D:2      | Reached XP level 3. HP: 18/20 MP: 5/5
  1217 | D:2      | Noticed Sigmund
  1228 | D:2      | HP: 2/20 [something/magic dart (9)]
  1234 | D:2      | Killed Sigmund
  1235 | D:2      | Reached skill level 9 in Ranged Weapons
  1235 | D:2      | Reached XP level 4. HP: 5/25 MP: 6/6
  1235 | D:2      | Reached XP level 5. HP: 6/29 MP: 7/7
  1501 | D:2      | Found a runed translucent door.
  1502 | D:2      | Noticed Crazy Yiuf
  1573 | D:2      | Noticed Jessica
  1574 | D:2      | Killed Jessica
  1575 | D:2      | Reached skill level 3 in Dodging
  1797 | D:2      | Reached XP level 6. HP: 35/35 MP: 8/8
  1908 | D:2      | 1908 ||| UPGRADING to +0 ring mail.
  1918 | D:2      | 1918 ||| DROPPING +0 leather armour.
  1919 | D:2      | 1919 ||| UPGRADING to +0 pair of boots.
  1924 | D:2      | 1924 ||| READING scroll labelled PYCZIUMUFF.
  1925 | D:2      | 1925 ||| READING scroll labelled HOILUPSACHA.
  2146 | D:3      | Reached skill level 1 in Armour
  2256 | D:3      | Found a radiant altar of Vehumet.
  2412 | D:3      | Identified the +0 ring mail of Asoveine {rF+}
  2923 | D:3      | 2923 ||| UPGRADING to +0 ring mail of Asoveine {rF+}.
  2933 | D:3      | 2933 ||| DROPPING +0 ring mail.
  2934 | D:3      | 2934 ||| UPGRADING to +0 cloak.
  2939 | D:3      | 2939 ||| UPGRADING to ring of protection from fire.
  2940 | D:3      | 2940 ||| READING scroll labelled XERCHELUGURPH.
  2941 | D:3      | 2941 ||| DRINKING 2 black potions.
  2941 | D:3      | Gained mutation: You occasionally lose the ability to drink
                  | potions when taking damage. [potion of mutation]
  2941 | D:3      | Gained mutation: Your mind is acute. (Int +4, Str/Dex -1)
                  | [potion of mutation]
  2941 | D:3      | Gained mutation: Your flesh is heat resistant. (rF+)
                  | [potion of mutation]
  2942 | D:3      | 2942 ||| DRINKING potion of mutation.
  2942 | D:3      | Lost mutation: Your mind is acute. (Int +4, Str/Dex -1)
                  | [potion of mutation]
  2942 | D:3      | Lost mutation: You occasionally lose the ability to drink
                  | potions when taking damage. [potion of mutation]
  2942 | D:3      | Gained mutation: You possess an exceptional clarity of
                  | mind. [potion of mutation]
  2942 | D:3      | Gained mutation: You are vulnerable to cold. (rC-) [potion
                  | of mutation]
  2942 | D:3      | Gained mutation: You have large cloven feet. [potion of
                  | mutation]
  2943 | D:3      | 2943 ||| READING 2 scrolls of identify.
  2943 | D:3      | 2943 ||| IDENTIFYING amethyst potion
  3162 | D:4      | HP: 6/35 [iguana (7)]
  3166 | D:4      | Slain by an iguana

Levels and vault maps discovered:
D:1:      sevenhm_arrival_forest_fort_small_3, layout_loops_corners,
          serial_rivers, chequers_serial_rivers_marsh,
          chequers_serial_rivers_large_a, chequers_serial_rivers_large_b,
          chequers_serial_rivers_micro_b, chequers_serial_rivers_marsh,
          chequers_serial_rivers_micro_e, hellmonk_ecumenical_altar_dog_temple
D:2:      layout_basic, chequers_serial_rivers_room_b, minmay_tiny_reverse_x,
          uniq_sigmund, uniq_crazy_yiuf_cottage, uniq_jessica
D:3:      layout_loops_corners, vehumet_crystals, serial_glass, glass_columns_a,
          glass_columns_b, glass_columns_a, glass_columns_c, glass_columns_a,
          glass_columns_a, minmay_stone_trees_medium
D:4:      layout_basic, minmay_temple_entry_offerings

Skill      XL: |  1  2  3  4  5  6 |
---------------+-------------------+-----
Ranged Weapons | 6 9 |  9.4
Dodging        | 3 |  3.4
Fighting       | 2 |  2.2
Armour         | 1 |  1.0
Stealth        | |  1.2

Action                     |  1- 3 |  4- 6 || total
---------------------------+-------+-------++-------
   Fire: Shortbow          |    86 |   159 ||   245
    Use: Scroll            |     5 |     4 ||     9
         Potion            |       |     2 ||     2
 Armour: Leather armour    |     9 |     8 ||    17
         Ring mail         |       |    24 ||    24
  Dodge: Dodged            |    26 |    30 ||    56

Table legend:
 A = Non-vault XP
 B = Vault XP
 C = Vault XP percentage of total XP
 D = Non-vault monster count
 E = Vault monster count
 F = Vault count percentage of total count
                 A         B        C        D         E       F
            +---------+---------+-------+---------+---------+-------
      Total |     267 |     299 |  52.8 |      59 |       6 |   9.2
            +---------+---------+-------+---------+---------+-------
        D:1 |      28 |       4 |  12.5 |      17 |       2 |  10.5
        D:2 |      65 |     295 |  81.9 |      16 |       4 |  20.0
        D:3 |     116 |       0 |   0.0 |      19 |       0 |   0.0
        D:4 |      58 |       0 |   0.0 |       7 |       0 |   0.0
            +---------+---------+-------+---------+---------+-------
